 Dungeon Crawl Stone Soup version 0.31.0-11-ge490571c62 (webtiles) character file.

Game seed: 5155671367990275644

4749 mopl the Summoner (level 10, -7/50 HPs)
             Began as a Tengu Summoner on Feb 2, 2024.
             Was a Follower of Sif Muna.
             Mangled by an efreet
             ... wielding a +4 scimitar of flaming
              (10 damage)
             ... on level 8 of the Dungeon on Feb 5, 2024.
             The game lasted 00:14:45 (7456 turns).

mopl the Summoner (Tengu Summoner)                  Turns: 7456, Time: 00:14:46

Health: -7/50      AC: 13    Str: 12    XL:     10   Next: 46%
Magic:  32/32      EV: 16    Int: 18    God:    Sif Muna [*.....]
Gold:   327        SH:  0    Dex: 19    Spells: 10/26 levels left

rFire   . . .        a - +2 halberd (freeze)
rCold   . . .        (shield currently unavailable)
rNeg    . . .        z - +3 leather armour
rPois   .            (helmet restricted)
rElec   .            f - +0 cloak
rCorr   .            (no gloves)
SInv    .            (boots unavailable)
Will    .....        o - amulet of magic regeneration
Stlth   ++           k - ring "Ydgheutis" {AC+4 Dex+4}
HPRegen 0.28/turn    C - ring of magical power
MPRegen 0.63/turn

%: acrobat
@: flying
A: beak, talons 3, evasive flight, acrobatic, iridescent scales 1, mutation
resistance 1, strong 1
a: Renounce Religion, Channel Magic


You were on level 8 of the Dungeon.
You worshipped Sif Muna.
Sif Muna was aware of your devotion.
You visited 2 branches of the dungeon, and saw 9 of its levels.
You also visited: Ossuary.

You collected 327 gold pieces.

Inventory:

Hand Weapons
 a - a +2 halberd of freezing (weapon)
 c - a +0 short sword
 h - a +0 halberd
Missiles
 i - 4 atropa-tipped darts
 q - a throwing net
 s - 30 poisoned darts
 y - 4 boomerangs
Armour
 f - a +0 cloak (worn)
 z - a +3 leather armour (worn)
 L - a +0 kite shield
 M - a +1 robe of positive energy
 N - +0 acid dragon scales
Jewellery
 k - the ring "Ydgheutis" (left hand) {AC+4 Dex+4}
   (You found it on level 3 of the Dungeon)

   [ring of protection]

   AC+4:      It affects your AC (+4).
   Dex+4:     It affects your dexterity (+4).
 n - an amulet of regeneration
 o - an amulet of magic regeneration (around neck)
 C - a ring of magical power (right hand)
Wands
 m - a wand of flame (74)
Scrolls
 e - 2 scrolls of immolation {unknown}
 g - 3 scrolls of enchant weapon {unknown}
 p - 2 scrolls of fear {unknown}
 r - 3 scrolls of blinking {unknown}
 t - 2 scrolls of acquirement {unknown}
 v - 3 scrolls of teleportation {unknown}
 w - 4 scrolls of identify {unknown}
 x - 2 scrolls of amnesia {unknown}
 A - 2 scrolls of silence {unknown}
 I - a scroll of butterflies {unknown}
 K - a scroll of fog {unknown}
Potions
 b - 2 potions of magic
 d - 2 potions of resistance {unknown}
 j - a potion of ambrosia {unknown}
 l - 2 potions of degeneration {unknown}
 u - 2 potions of mutation
 B - a potion of brilliance {unknown}
 D - a potion of enlightenment {unknown}
 E - a potion of attraction {unknown}
 F - 2 potions of lignification {unknown}
 G - 6 potions of curing
 H - 2 potions of heal wounds {unknown}
 J - a potion of might {unknown}


   Skills:
 + Level 6.1 Polearms
 - Level 2.1 Dodging
 - Level 2.0 Stealth
 * Level 8.9 Spellcasting
 * Level 12.1 Summonings
 + Level 2.4 Translocations
 + Level 2.2 Invocations


You had 10 spell levels left.
You knew the following spells:

 Your Spells              Type           Power      Damage    Failure   Level
a - Summon Small Mammal   Summ           100%       N/A       1%          1
b - Call Imp              Summ           100%       N/A       1%          2
c - Call Canine Familiar  Summ           51%        N/A       1%          3
d - Summon Lightning Spi  Summ/Air       29%        N/A       10%         4
e - Blink                 Tloc           32%        N/A       6%          2
g - Summon Blazeheart Go  Fire/Summ      29%        N/A       10%         4

Your spell library contained the following spells:

 Spells                   Type           Power      Damage    Failure   Level
 Magic Dart               Conj           32%        1d4       12%         1


Dungeon Overview and Level Annotations

Branches:
Dungeon (8/15)             Temple (1/1) D:6         Ossuary (visited)
   Lair: D:8-11

Altars:
Ashenzari
Cheibriados
Dithmenos
Elyvilon
Fedhas
Gozag
Hepliaklqana
Kikubaaqudgha
Makhleb
Nemelex Xobeh
Qazlal
Ru
Sif Muna
Trog
Uskayaw
Vehumet
Wu Jian
Xom
Yredelemnul
The Shining One

Shops:
D:8 =

Annotations:
D:3 3 runed translucent doors + rF, Ashen's ghost, amateur GnEn
D:7 1 transporter


Innate Abilities, Weirdness & Mutations

You have a beak for a mouth.
You have claws for feet.
Your magical flight helps you evade attacks. (EV +4)
You can magically evade attacks while moving or waiting.
You are partially covered in iridescent scales. (AC +2)
You are somewhat resistant to further mutation.
Your muscles are strong. (Str +4, Int/Dex -1)


Message History

The fireball engulfs your lightning spire.
Your lightning spire resists.
You are too injured to fight recklessly!
Unknown command.
You are too injured to fight recklessly!
You barely miss the efreet. You claw the efreet, but do no damage.
The efreet is heavily wounded.
The efreet hits you with a +4 scimitar of flaming!
* * * LOW HITPOINT WARNING * * *
The efreet burns you.
* * * LOW HITPOINT WARNING * * *
Your lightning spire shoots out a bolt of lightning at the efreet!
The bolt of electricity hits the efreet!
The bolt of electricity hits the killer bee!
The efreet gestures at your lightning spire.
The bolt of fire hits your lightning spire.
Your lightning spire resists.
Okay, then.
Your lightning spire shoots out a bolt of lightning at the efreet!
The bolt of electricity hits the efreet!
The bolt of electricity hits the killer bee!
The killer bee dies!
Sif Muna accepts your kill.
The efreet hits your lightning spire with a +4 scimitar of flaming!
Unknown command.
Your lightning spire disappears in a puff of smoke!
The efreet gestures at you. The bolt of fire misses you.
Unknown command.
Reach: a) +2 halberd (freeze)
Press: ? - help, Dir - move target, f - efreet
Aim: an efreet, wielding a +4 scimitar of flaming (grey smoke, almost dead, about 21% to evade your +2 halberd of freezing)
You reach to attack!
You completely miss the efreet.
The efreet is almost dead.
Your familiar recovers from its injuries.
Okay, then.
You completely miss the efreet. You claw the efreet, but do no damage.
The efreet is severely wounded.
The efreet hits you with a +4 scimitar of flaming!
You die...

.# .# § §§..§≈§≈≈≈ .##
≈§§≈.§§§§≈≈≈ ..# §≈§§..§§§≈≈○ ##
..# ≈§≈..§S§≈R #. ..# ..####
§§..≈≈y§ #. #.# ###.. ..##.##
≈..y§ ##. ..# #...# #
#.##..####y'# ##.# ..> ......#
####....#§○.# #.@##.##.###..##.#.
.#........#####R.##..............
P#....).......†...#..#.........##
P#........#####...#..#.###..# #≈
##......#####.....#..#.##<..####≈
##...................#.##......#~
..........###....∩#.##......##...
[.####.♣~........)....[.###.# #.
### #...P##......>"....###.# #~


You could see an efreet.

Vanquished Creatures
  Prince Ribbit (D:6)
  Grinder (D:5)
  3 yaks
  An acid dragon (D:8)
  A black bear (D:5)
  A sky beast (D:7)
  An ice beast (D:7)
  A wolf (D:7)
  An ogre (D:4)
  A phantom (D:5)
  Blork the orc (D:6)
  3 kobold brigands (D:7)
  A weeping skull (Ossuary)
  A gnoll sergeant (D:6)
  A wyvern zombie (D:7)
  4 water moccasin zombies (Ossuary)
  3 wights (D:7)
  A killer bee (D:8)
  An electric eel (D:8)
  2 howler monkeys (D:8)
  2 bombardier beetles
  A bullfrog zombie (D:7)
  3 hounds
  A gnoll bouda (D:4)
  2 jellies (D:5)
  An orc priest (D:7)
  Jessica (D:2)
  3 iguanas
  3 sleepcaps
  4 orc wizards
  3 killer bee zombies (D:7)
  3 crocodile zombies (Ossuary)
  2 mummies (Ossuary)
  8 gnolls
  9 adders
  A shadow imp (D:6)
  2 white imps
  5 adder zombies (Ossuary)
  2 dart slugs
  17 orcs
  6 endoplasms
  8 giant cockroaches
  7 gnoll zombies (Ossuary)
  8 goblins
  10 hobgoblins
  5 jackals
  4 quokkas
  9 ball pythons
  6 bats
  A frilled lizard (D:1)
  4 jackal zombies (Ossuary)
  15 kobolds
  4 orc zombies (Ossuary)
  9 rats
199 creatures vanquished.

Vanquished Creatures (collateral kills)
  The ghost of Suckerboh the Cudgeller, an amateur AtBe of Trog (D:6)
  Menkaure (D:6)
  An orc warrior (D:3)
  An ogre (D:4)
  A centaur (D:5)
  A scorpion (D:7)
  2 water moccasin zombies (Ossuary)
  2 wights (D:7)
  3 killer bees (D:8)
  A bombardier beetle (D:5)
  A bullfrog zombie (D:7)
  A centaur zombie (D:7)
  2 jellies (D:6)
  A sleepcap (D:6)
  An orc wizard (D:3)
  An adder (D:2)
  3 gnolls
  A white imp (D:6)
  A ribbon worm (D:3)
  7 orcs
  A gnoll zombie (Ossuary)
  A hobgoblin (D:2)
  3 quokkas (D:4)
  2 ball pythons
  A jackal zombie (Ossuary)
  9 kobolds (D:7)
50 creatures vanquished.

Vanquished Creatures (others)
  An endoplasm (D:3)
  A rat (D:3)
2 creatures vanquished.

Grand Total: 251 creatures vanquished

Notes
Turn   | Place    | Note
-------+----------+-------------------------------------------
     0 | D:1      | mopl the Tengu Summoner began the quest for the Orb.
     0 | D:1      | Reached XP level 1. HP: 10/10 MP: 4/4
    56 | D:1      | Reached skill level 5 in Summonings
   106 | D:1      | Reached XP level 2. HP: 7/15 MP: 6/6
   143 | D:1      | Learned a level 2 spell: Call Imp
   336 | D:1      | Reached XP level 3. HP: 16/19 MP: 7/7
   342 | D:1      | Learned a level 3 spell: Call Canine Familiar
   580 | D:2      | Found a faded altar of an unknown god.
   591 | D:2      | Gained mutation: You are partially covered in iridescent
                  | scales. (AC +2) [potion of mutation]
   591 | D:2      | Gained mutation: Your muscles are strong. (Str +4, Int/Dex
                  | -1) [potion of mutation]
   591 | D:2      | Gained mutation: You are somewhat resistant to further
                  | mutation. [potion of mutation]
   722 | D:2      | Reached XP level 4. HP: 12/24 MP: 9/9
   741 | D:2      | Reached skill level 6 in Summonings
   944 | D:2      | Noticed Jessica
   946 | D:2      | Killed Jessica
   947 | D:2      | Reached XP level 5. HP: 21/28 MP: 11/11
   956 | D:2      | Learned a level 4 spell: Summon Blazeheart Golem
  1487 | D:3      | Found a runed translucent gate.
  1487 | D:3      | Found a runed translucent gate.
  1487 | D:3      | Found a runed translucent gate.
  1489 | D:3      | Noticed Ashen's ghost (amateur GnEn)
  1492 | D:3      | Noticed a sky beast
  1601 | D:3      | Noticed an orc warrior
  1839 | D:3      | Killed an orc warrior
  1840 | D:3      | Reached skill level 7 in Summonings
  1840 | D:3      | Reached XP level 6. HP: 20/32 MP: 4/13
  1843 | D:3      | Identified the ring "Ydgheutis" {AC+4 Dex+4}
  2609 | D:4      | Learned a level 4 spell: Summon Lightning Spire
  2926 | D:4      | Reached skill level 1 in Polearms
  2926 | D:4      | Reached skill level 5 in Spellcasting
  2926 | D:4      | Gained mutation: Your magical flight helps you evade
                  | attacks. (EV +4) [Tengu growth]
  2926 | D:4      | Reached XP level 7. HP: 21/36 MP: 13/15
  3111 | D:4      | Found a sacrificial altar of Ru.
  3111 | D:4      | Found a broken altar of Ashenzari.
  3253 | D:4      | Reached skill level 8 in Summonings
  3415 | D:5      | Entered Level 5 of the Dungeon
  3458 | D:5      | Noticed Grinder
  3467 | D:5      | Paralysed by Grinder for 5 turns
  3481 | D:5      | Paralysed by Grinder for 5 turns
  3486 | D:5      | Killed Grinder
  3487 | D:5      | Reached XP level 8. HP: 22/41 MP: 17/17
  3556 | D:5      | Reached skill level 9 in Summonings
  4520 | D:6      | Noticed Menkaure
  4528 | D:6      | Killed Menkaure
  4541 | D:6      | Found a staircase to the Ecumenical Temple.
  4557 | Temple   | Found a transporter.
  4557 | Temple   | Found a transporter.
  4557 | Temple   | Found a transporter.
  4557 | Temple   | Found a transporter.
  4557 | Temple   | Entered the Ecumenical Temple
  4587 | D:6      | Noticed Prince Ribbit
  4594 | D:6      | Killed Prince Ribbit
  4595 | D:6      | Reached skill level 10 in Summonings
  4595 | D:6      | Reached XP level 9. HP: 35/45 MP: 18/20
  4621 | D:6      | Found a sand-covered staircase.
  4635 | Ossuary  | Entered an ossuary
  4921 | Ossuary  | Learned a level 2 spell: Blink
  4979 | D:6      | Noticed Blork the orc
  4987 | D:6      | Killed Blork the orc
  4988 | D:6      | Reached skill level 5 in Polearms
  4988 | D:6      | Reached skill level 11 in Summonings
  5039 | D:6      | Noticed Suckerboh's ghost (amateur AtBe)
  5055 | D:6      | Found a runed translucent door.
  5284 | D:6      | Killed Suckerboh's ghost
  5369 | D:7      | Reached skill level 1 in Translocations
  5422 | D:7      | Found a bloodstained altar of Trog.
  5423 | D:7      | Found a hide-covered altar of Uskayaw.
  5423 | D:7      | Found a hazy altar of Hepliaklqana.
  5427 | D:7      | Found a basalt altar of Yredelemnul.
  5427 | D:7      | Found a snail-covered altar of Cheibriados.
  5428 | D:7      | Found an ornate altar of the Wu Jian Council.
  5429 | D:7      | Found a shadowy altar of Dithmenos.
  5441 | D:7      | Found a shimmering blue altar of Sif Muna.
  5449 | D:7      | Became a worshipper of Sif Muna the Loreminder
  5700 | D:7      | Reached * piety under Sif Muna
  5704 | D:7      | Reached skill level 1 in Invocations
  5718 | D:7      | Reached XP level 10. HP: 32/50 MP: 23/23
  5906 | D:7      | Found a sparkling altar of Nemelex Xobeh.
  5906 | D:7      | Found a transporter.
  5906 | D:7      | Noticed a centaur warrior
  5907 | D:7      | Noticed a gargoyle
  6832 | D:8      | Found Siytuet's Jewellery Shop.
  6995 | D:8      | Reached skill level 12 in Summonings
  7327 | D:8      | Found an ancient bone altar of Kikubaaqudgha.
  7328 | D:8      | Found a blossoming altar of Fedhas.
  7452 | D:8      | HP: 1/50 [efreet/+4 scimitar of flaming (5)]
  7456 | D:8      | Mangled by an efreet

Illustrated notes

Levels and vault maps discovered:
D:1:      lemuel_arrival_lava_pool, layout_rooms
D:2:      layout_loops_cross, nicolae_ecumenical_snake_handling, uniq_jessica
D:3:      layout_basic, gammafunk_ghost_split, lemuel_flame_loot_1
D:4:      minmay_razor_zed, layout_loops_ring, gammafunk_temple_overflow_wave,
          minmay_misc_feat_tower
D:5:      layout_cave_pods, uniq_grinder
D:6:      layout_cave_pools, minmay_temple_entry_glass,
          nicolae_ossuary_entry_plus, hellmonk_ghost_happy_afterlife,
          uniq_menkaure, uniq_blork_the_orc, uniq_prince_ribbit1
D:7:      layout_layer_cave, grunt_temple_overflow_open,
          grunt_nemelex_the_gamble, serial_undead, serial_undead_e,
          serial_undead_d, serial_undead_d, serial_undead_a, serial_undead_c,
          serial_undead_e, kennysheep_generic_room_13
D:8:      kennysheep_big_flooded_room, layout_loops_ring,
          grunt_temple_overflow_growth_and_decay, erik_lair_dragon,
          serial_shops, shop, serial_ice, serial_ice_a, serial_ice_m,
          serial_ice_o, serial_ice_f, serial_library_regret_index_double_sided,
          serial_bayou_pond_e, amethyst_killhole, hangedman_incinerator,
          uniq_maggie
Temple:   hellmonk_temple_divided_pantheon

Skill      XL: |  1  2  3  4  5  6  7  8  9 10 |
---------------+-------------------------------+-----
Summonings     | 5 6 7 8 10 11 12 | 12.1
Spellcasting   | 3 4 5 7 8 |  8.9
Polearms       | 1 2 4 5 6 |  6.1
Translocations | 1 2 |  2.4
Invocations    | 1 2 |  2.2
Dodging        | |  2.1
Stealth        | |  2.0

Action                     |  1- 3 |  4- 6 |  7- 9 | 10-12 || total
---------------------------+-------+-------+-------+-------++-------
  Melee: Unarmed           |    22 |       |       |       ||    22
         Short sword       |    78 |     1 |       |       ||    79
         Kick              |    19 |    39 |    88 |    41 ||   187
         Peck              |    15 |    13 |    45 |    20 ||    93
         Halberd           |       |   131 |   330 |   101 ||   562
   Cast: Call Imp          |     1 |    14 |    11 |     1 ||    27
         Call Canine Famil |       |     7 |    14 |     4 ||    25
         Summon Small Mamm |       |     5 |       |       ||     5
         Summon Lightning  |       |       |     1 |     1 ||     2
    Use: Potion            |     2 |       |       |       ||     2
   Stab: Sleeping          |     1 |     7 |     8 |     2 ||    18
         Distracted        |       |     1 |     6 |       ||     7
 Armour: Robe              |    57 |    67 |    57 |       ||   181
         Leather armour    |       |       |    90 |    66 ||   156
  Dodge: Dodged            |    97 |    84 |   241 |    72 ||   494
